 Dungeon Crawl Stone Soup version 0.15-a0-861-g2f358d9 (webtiles) character file.

91 thfral the Insei (level 4, -3/23 HPs)
             Began as a Vine Stalker Monk on May 16, 2014.
             Slain by an orc
             ... wielding a +0,+0 mace
              (6 damage)
             ... on Level 3 of the Dungeon.
             The game lasted 00:08:00 (2020 turns).

thfral the Insei (Vine Stalker Monk)                Turns: 2020, Time: 00:08:00

HP  -3/23        AC  5     Str 14      XL: 4   Next: 57%
MP   0/5         EV  9     Int 10      God:
Gold 145         SH  0     Dex 17      Spells:  0 memorised,  3 levels left

rFire  . . .     SeeInvis .       - Unarmed
rCold  . . .     Clarity  .     t - +0 ring mail
rNeg   . . .     Conserve .     (no shield)
rPois  .         rCorr    .     (no helmet)
rElec  .         rRot     +     (no cloak)
SustAb .         Spirit   +     (no gloves)
rMut   .         Warding  .     (no boots)
Gourm  .         Stasis   .     (no amulet)
MR     .....                    (no ring)
                                (no ring)

@: not resistant to hostile enchantments, unstealthy
A: fangs 2, regeneration 1, magic shield, antimagic bite, no device heal 2
a: no special abilities


You were on level 3 of the Dungeon.
You were not hungry.

You visited 1 branch of the dungeon, and saw 3 of its levels.

You collected 145 gold pieces.

Inventory:

Armour
 a - a +0 robe
 t - a +0 ring mail (worn)
Comestibles
 b - 2 bread rations
 f - an apple
 j - a choko
 l - a chunk of ball python flesh
 m - a chunk of rat flesh
 s - 9 strawberries
 v - a chunk of goblin flesh
Scrolls
 d - 2 scrolls of recharging {unknown}
 e - 2 scrolls of teleportation {unknown}
 g - 2 scrolls of identify {unknown}
 i - 3 scrolls of enchant weapon I {unknown}
Jewellery
 r - a +6 ring of strength {unknown}
Potions
 c - 2 potions of haste {unknown}
 h - 3 potions of curing {unknown}
 k - 2 potions of invisibility {unknown}
 n - a potion of resistance {unknown}
 o - a potion of poison {unknown}
 p - a potion of berserk rage {unknown}
 q - a potion of magic {unknown}
 u - a potion of agility {unknown}


   Skills:
 - Level 2.6 Fighting
 - Level 2.4 Dodging
 - Level 2.4 Stealth
 * Level 5.8 Unarmed Combat


You had 3 spell levels left.
You didn't know any spells.

Dungeon Overview and Level Annotations

Branches:
Dungeon (3/15)

Altars:
Fedhas


Innate Abilities, Weirdness & Mutations

You are immune to rotting.
You have extremely sharp teeth.
Your natural rate of healing is unusually fast.
When hurt, damage is shared between your health and your magic reserves.
Your bite disrupts and absorbs the magic of your enemies.
Potions and wands cannot restore your health.


Message History

The orc is lightly wounded.
You barely miss the orc. You bite the orc. You drain its power.
The orc is severely wounded.
The orc hits you with a club.
You hit the orc. Your bite misses the orc.
The orc is almost dead.
The orc wizard hits you with a dagger. The orc hits you with a mace.
* * * LOW HITPOINT WARNING * * *
The orc wizard gestures at you while chanting.
The magic dart hits you!
* * * LOW HITPOINT WARNING * * *
The orc barely misses you. The orc hits you with a mace.
* * * LOW MAGIC WARNING * * *;
* * * LOW HITPOINT WARNING * * *
The orc hits you with a flail.
* * * LOW HITPOINT WARNING * * *
You closely miss the orc wizard.
The orc wizard gestures wildly while chanting.
The orc wizard blinks!
The orc hits you with a mace.
You die...

#..## #....# ..
##..# #..### #.#
##.# #..# #..# #.##
#..# . #..
#..#####..# ...
#.###.##.....#
.....#.!.#....##.##
.......ooo....##.##
.....#..@####.<...##
. ##### #......#
#......# ##....##
######


You could see 3 orcs.

Vanquished Creatures
  Terence (D:2)
  A giant mite (D:2)
  2 adders (D:3)
  An inept feature mimic (D:2)
  7 bats
  3 giant cockroaches (D:1)
  6 hobgoblins
  A jackal (D:2)
  2 ball pythons
  7 giant newts
  10 goblins
  4 kobolds
  7 rats
52 creatures vanquished.

Notes
Turn   | Place    | Note
--------------------------------------------------------------
     0 | D:1      | thfral, the Vine Stalker Monk, began the quest for the Orb.
     0 | D:1      | Reached XP level 1. HP: 11/11 MP: 1/1
   202 | D:1      | Reached XP level 2. HP: 16/16 MP: 3/3
   763 | D:2      | Reached skill level 5 in Unarmed Combat
   763 | D:2      | Reached XP level 3. HP: 16/19 MP: 2/4
  1261 | D:2      | Noticed Terence
  1272 | D:2      | Killed Terence
  1272 | D:2      | Reached XP level 4. HP: 1/23 MP: 5/5
  1811 | D:2      | Found a blossoming altar of Fedhas.
  2020 | D:3      | Slain by an orc

Action                   |  1- 3 |  4- 6 || total
-------------------------+-------+-------++-------
Melee: Unarmed           |   103 |    37 ||   140
 Stab: Sleeping          |     7 |     2 ||     9
